WCHLSIM.com - West Coast Hockey League
html PUBLIC "-//W3C//DTD XHTML 1.0 Transitional//EN" "http://www.w3.org/TR/xhtml1/DTD/xhtml1-transitional.dtd"> WCHL - Game 305 - LAS VEGAS LIZARD KINGS vs TEXAS TOROS

LAS VEGAS LIZARD KINGS vs TEXAS TOROS

Created - 25 novembre 2023 at 21:48

Goals
1 2 3 T
LAS VEGAS LIZARD KINGS 2 2 1 5
TEXAS TOROS 2 0 0 2
Shots
1 2 3 T
LAS VEGAS LIZARD KINGS 17 11 6 34
TEXAS TOROS 7 7 8 22

1st period

1. TEXAS TOROS , Tyson Barrie 6 (Jonathan Toews 6) at 3:51
2. TEXAS TOROS , Dougie Hamilton 2 (Mikhail Sergachev 4, Kevin Hayes 6) at 8:15 (PP)
3. LAS VEGAS LIZARD KINGS , Johnny Gaudreau 11 (Joe Pavelski 14, Ryan Nugent-Hopkins 19) at 12:30
4. LAS VEGAS LIZARD KINGS , Ryan Nugent-Hopkins 7 (Johnny Gaudreau 11) at 15:32

Penalties :
Ty Dellandrea (LVG) for Boarding (Minor) at 7:27

2nd period

5. LAS VEGAS LIZARD KINGS , John Marino 2 (Johnny Gaudreau 12, Joe Pavelski 15) at 5:09
6. LAS VEGAS LIZARD KINGS , Brandon Hagel 12 (Dmitry Kulikov 7, Victor Olofsson 1) at 11:50 (PP)

Penalties :
Ryan Suter (TEX) for Hooking (Minor) at 10:27, Ryan Poehling (TEX) for Hooking (Minor) at 17:52

3rd period

7. LAS VEGAS LIZARD KINGS , Johnny Gaudreau 12 (Joe Pavelski 16, Brayden McNabb 7) at 16:09

Penalties :
Ryan Nugent-Hopkins (LVG) for Holding (Minor) at 0:09

Goalie Stats

Kaapo Kahkonen (LVG), 20 saves from 22 shots - (0,909), W, 3-0-1, 60:00 minutes
Philipp Grubauer (TEX), 29 saves from 34 shots - (0,853), L, 4-7-3, 60:00 minutes

Players Stats for LAS VEGAS LIZARD KINGS

Player Name              G  A  P  +/- PIM S  H  SB GA TA FO     MP     PP MP  PK MP  
------------------------------------------------------------------------------------
Brandon Hagel            1  0  1   0  0   7  0  1  0  0  0/1    19:09   1:40   2:43 
Brayden McNabb           0  1  1   3  0   1  1  0  0  0  0/0    22:23   1:40   2:37 
Dmitry Kulikov           0  1  1   0  0   1  0  1  0  0  0/0    21:27   1:40   0:10 
Evan Rodrigues           0  0  0   0  0   3  4  0  0  0  2/2    16:05   0:00   0:44 
Jacob Bryson             0  0  0   0  0   0  0  3  0  0  0/0    16:09   0:00   0:00 
Jeff Carter              0  0  0   0  0   1  0  1  0  0  10/24  17:27   1:27   0:00 
Joe Pavelski             0  3  3   3  0   4  2  0  0  0  0/2    21:18   1:42   0:04 
John Marino              1  0  1   0  0   3  1  1  0  0  0/0    22:52   1:42   2:37 
Johnny Gaudreau          2  2  4   3  0   6  1  0  0  0  2/3    21:14   1:42   0:00 
Jordan Greenway          0  0  0   0  0   1  0  0  0  0  0/0     6:46   0:00   0:00 
Luke Glendening          0  0  0   0  0   1  0  0  0  0  6/10    6:46   0:00   0:00 
Matt Roy                 0  0  0   3  0   0  0  0  0  0  0/0    20:51   1:42   0:00 
Patrik Nemeth            0  0  0   0  0   0  1  0  0  0  0/0    16:18   0:00   0:10 
Ryan Nugent-Hopkins      1  1  2   3  2   3  1  0  0  0  11/18  21:17   1:42   0:04 
Ty Dellandrea            0  0  0   0  2   0  0  0  0  0  8/16   13:44   0:13   1:59 
Victor Olofsson          0  1  1   0  0   2  0  0  0  0  0/0     9:01   1:40   0:00 
Vladislav Namestnikov    0  0  0   0  0   0  2  0  0  0  0/0    12:12   0:00   0:00 
Zemgus Girgensons        0  0  0   0  0   1  0  1  0  0  0/0    12:12   0:00   0:00 

Players Stats for TEXAS TOROS

Player Name              G  A  P  +/- PIM S  H  SB GA TA FO     MP     PP MP  PK MP  
------------------------------------------------------------------------------------
Danton Heinen            0  0  0   0  0   0  2  0  0  0  0/1    19:00   1:32   0:00 
Dougie Hamilton          1  0  1  -1  0   2  6  1  0  0  0/0    26:38   1:15   1:21 
Jesse Ylonen             0  0  0  -1  0   0  0  0  0  0  0/1     7:56   0:00   0:00 
Jonathan Toews           0  1  1   1  0   1  0  0  0  0  15/20  16:28   1:15   1:40 
Kevin Hayes              0  1  1  -3  0   3  0  0  0  0  9/18   17:17   1:15   1:08 
Mikhail Sergachev        0  1  1  -1  0   1  3  1  0  0  0/0    26:38   1:15   1:21 
Miles Wood               0  0  0  -3  0   0  0  0  0  0  0/0    16:42   0:00   1:48 
Nate Schmidt             0  0  0   1  0   0  0  1  0  0  0/0    14:13   0:00   0:52 
Owen Power               0  0  0  -3  0   0  1  2  0  0  0/0    18:29   0:00   2:01 
Ryan Poehling            0  0  0  -1  2   0  1  1  0  0  2/9     8:29   0:00   0:34 
Ryan Suter               0  0  0  -3  2   0  1  0  0  0  0/0    19:08   1:32   1:09 
Taylor Raddysh           0  0  0  -3  0   0  0  0  0  0  0/1    16:09   1:15   0:00 
Trevor Zegras            0  0  0   0  0   2  1  0  0  0  10/25  19:00   1:32   0:00 
Troy Terry               0  0  0   0  0   3  0  0  0  0  0/0    19:00   1:32   0:00 
Tyson Barrie             1  0  1   1  0   3  2  3  0  0  0/0    14:53   1:32   0:00 
Tyson Foerster           0  0  0  -1  0   1  1  0  0  0  0/0     7:56   0:00   0:00 
Wade Allison             0  0  0   1  0   5  2  1  0  0  0/0    15:01   0:00   1:28 
Yegor Chinakhov          0  0  0   1  0   1  0  0  0  0  1/1    13:39   0:00   0:06 

3 Stars

1 - Johnny Gaudreau (LVG)
2 - Joe Pavelski (LVG)
3 - Ryan Nugent-Hopkins (LVG)

Power Play

LAS VEGAS LIZARD KINGS - 1 on 2 Attempt(s) - 50,00%
TEXAS TOROS - 1 on 2 Attempt(s) - 50,00%

Penalty Kill

LAS VEGAS LIZARD KINGS - 1 on 2 Attempt(s) - 50,00% - Score 0 goal in Penalty Kill
TEXAS TOROS - 1 on 2 Attempt(s) - 50,00% - Score 0 goal in Penalty Kill

Team Stat

LAS VEGAS LIZARD KINGS - Hits : 13 - Faceoff Wins : 39 - Blocked Shots : 8 - Penalty Minutes : 4
TEXAS TOROS - Hits : 20 - Faceoff Wins : 37 - Blocked Shots : 10 - Penalty Minutes : 4

Official

Referees : Justin Kea and Frederick L'Ecuyer
Linesman : Derek Wahl and Luke Galvin

Game Notes

No Game Note

Finance

Level 1 -- Attendance: 5239 (80,60%) -- Ticket Income 890 630 $
Level 2 -- Attendance: 4526 (82,29%) -- Ticket Income 543 120 $
Level 3 -- Attendance: 2633 (87,77%) -- Ticket Income 236 970 $
Level 4 -- Attendance: 4592 (91,84%) -- Ticket Income 275 520 $
Luxury Box -- Attendance: 653 (65,30%) -- Ticket Income 261 200 $
Game was played at the Red Bull Arena.
Total Attendance: 17643 (84,01%)
Total Ticket Income: 2 207 440 $
Other Expense: 22 074 $
Total Income: 2 185 366 $

LAS VEGAS LIZARD KINGS

5 vs 5 Forward 
   Center                   Left Wing                Right Wing               Time % Phy DF OF 
 1 Ryan Nugent-Hopkins      Johnny Gaudreau          Joe Pavelski             37     0   1  4  
 2 Jeff Carter              Brandon Hagel            Evan Rodrigues           30     0   2  3  
 3 Ty Dellandrea            Vladislav Namestnikov    Zemgus Girgensons        23     0   4  1  
 4 Luke Glendening          Jordan Greenway          Victor Olofsson          10     1   3  1  

5 vs 5 Defense 
   Defense                  Defense                                           Time % Phy DF OF 
 1 Brayden McNabb           Matt Roy                                          40     1   2  2  
 2 John Marino              Dmitry Kulikov                                    35     1   2  2  
 3 Patrik Nemeth            Jacob Bryson                                      25     1   3  1  
 4 Brayden McNabb           Matt Roy                                          0      1   2  2  

PowerPlay Forward 
   Center                   Left Wing                Right Wing               Time % Phy DF OF 
 1 Ryan Nugent-Hopkins      Johnny Gaudreau          Joe Pavelski             65     0   0  5  
 2 Jeff Carter              Brandon Hagel            Victor Olofsson          35     0   0  5  

PowerPlay Defense
   Defense                  Defense                                           Time % Phy DF OF 
 1 John Marino              Matt Roy                                          55     0   1  4  
 2 Brayden McNabb           Dmitry Kulikov                                    45     0   1  4  

Penalty Kill 4 Players Forward 
   Center                   Wing                     Time % Phy DF OF 
 1 Ty Dellandrea            Brandon Hagel            55     1   2  2  
 2 Joe Pavelski             Ryan Nugent-Hopkins      45     1   2  2  

Penalty Kill 4 Players Defense
   Defense                  Defense                  Time % Phy DF OF 
 1 Brayden McNabb           John Marino              60     1   2  2  
 2 Patrik Nemeth            Dmitry Kulikov           40     1   2  2  

Penalty Kill - 3 Players Forward 
   Forward                                           Time % Phy DF OF 
 1 Zemgus Girgensons                                 55     1   4  0  
 2 Luke Glendening                                   45     1   4  0  

Penalty Kill - 3 Players Defense
   Defense                  Defense                  Time % Phy DF OF 
 1 Brayden McNabb           John Marino              55     1   4  0  
 2 Patrik Nemeth            Dmitry Kulikov           45     1   4  0  

4 vs 4 Forward 
   Center                   Wing                     Time % Phy DF OF 
 1 Ryan Nugent-Hopkins      Johnny Gaudreau          55     1   2  2  
 2 Jeff Carter              Joe Pavelski             45     1   2  2  

4 vs 4 Defense
   Defense                  Defense                  Time % Phy DF OF 
 1 Brayden McNabb           Matt Roy                 55     1   2  2  
 2 John Marino              Dmitry Kulikov           45     1   2  2  

Last Minutes Offensive
   Center                   Left Wing                Right Wing               Defense                  Defense                  
   Ryan Nugent-Hopkins      Johnny Gaudreau          Joe Pavelski             John Marino              Matt Roy                 

Last Minutes Defensive
   Center                   Left Wing                Right Wing               Defense                  Defense                  
   Ryan Nugent-Hopkins      Vladislav Namestnikov    Joe Pavelski             Brayden McNabb           John Marino              

Goaltenders
Starting : Kaapo Kahkonen           
Backup : Sergei Bobrovsky         

Extra Forwards
Normal : Evan Rodrigues, Victor Olofsson, Joe Pavelski - PP : Brandon Hagel, Ty Dellandrea - PK : Evan Rodrigues
Extra Defensemen
Normal : John Marino, Dmitry Kulikov, Patrik Nemeth - PP : Dmitry Kulikov - PK : Brayden McNabb, John Marino
Penalty Shots
Johnny Gaudreau, Ryan Nugent-Hopkins, Joe Pavelski, Brandon Hagel, Evan Rodrigues
Custom OT Lines Forwards
Johnny Gaudreau, Ryan Nugent-Hopkins, Joe Pavelski, Brandon Hagel, Jeff Carter, Evan Rodrigues, Victor Olofsson, Ty Dellandrea, Vladislav Namestnikov, Jordan Greenway
Custom OT Lines Defensemen
Brayden McNabb, Matt Roy, John Marino, Dmitry Kulikov, Patrik Nemeth

Scratches
None

TEXAS TOROS

5 vs 5 Forward 
   Center                   Left Wing                Right Wing               Time % Phy DF OF 
 1 Trevor Zegras            Danton Heinen            Troy Terry               36     1   2  2  
 2 Kevin Hayes              Miles Wood               Taylor Raddysh           31     1   2  2  
 3 Jonathan Toews           Yegor Chinakhov          Wade Allison             23     1   2  2  
 4 Ryan Poehling            Jesse Ylonen             Tyson Foerster           10     1   2  2  

5 vs 5 Defense 
   Defense                  Defense                                           Time % Phy DF OF 
 1 Mikhail Sergachev        Dougie Hamilton                                   36     1   2  2  
 2 Owen Power               Ryan Suter                                        31     1   2  2  
 3 Tyson Barrie             Nate Schmidt                                      23     1   2  2  
 4 Mikhail Sergachev        Dougie Hamilton                                   10     1   2  2  

PowerPlay Forward 
   Center                   Left Wing                Right Wing               Time % Phy DF OF 
 1 Trevor Zegras            Danton Heinen            Troy Terry               55     0   1  4  
 2 Kevin Hayes              Jonathan Toews           Taylor Raddysh           45     1   1  3  

PowerPlay Defense
   Defense                  Defense                                           Time % Phy DF OF 
 1 Mikhail Sergachev        Dougie Hamilton                                   55     0   1  4  
 2 Tyson Barrie             Ryan Suter                                        45     1   1  3  

Penalty Kill 4 Players Forward 
   Center                   Wing                     Time % Phy DF OF 
 1 Jonathan Toews           Miles Wood               55     1   3  1  
 2 Ryan Poehling            Wade Allison             45     1   3  1  

Penalty Kill 4 Players Defense
   Defense                  Defense                  Time % Phy DF OF 
 1 Mikhail Sergachev        Dougie Hamilton          55     1   3  1  
 2 Owen Power               Ryan Suter               45     1   3  1  

Penalty Kill - 3 Players Forward 
   Forward                                           Time % Phy DF OF 
 1 Jonathan Toews                                    55     1   3  1  
 2 Ryan Poehling                                     45     1   3  1  

Penalty Kill - 3 Players Defense
   Defense                  Defense                  Time % Phy DF OF 
 1 Mikhail Sergachev        Dougie Hamilton          55     1   3  1  
 2 Owen Power               Ryan Suter               45     1   3  1  

4 vs 4 Forward 
   Center                   Wing                     Time % Phy DF OF 
 1 Trevor Zegras            Troy Terry               55     1   2  2  
 2 Kevin Hayes              Miles Wood               45     1   2  2  

4 vs 4 Defense
   Defense                  Defense                  Time % Phy DF OF 
 1 Mikhail Sergachev        Dougie Hamilton          55     1   2  2  
 2 Tyson Barrie             Ryan Suter               45     1   2  2  

Last Minutes Offensive
   Center                   Left Wing                Right Wing               Defense                  Defense                  
   Trevor Zegras            Danton Heinen            Troy Terry               Mikhail Sergachev        Dougie Hamilton          

Last Minutes Defensive
   Center                   Left Wing                Right Wing               Defense                  Defense                  
   Jonathan Toews           Danton Heinen            Troy Terry               Mikhail Sergachev        Dougie Hamilton          

Goaltenders
Starting : Philipp Grubauer         
Backup : Daniil Tarasov           

Extra Forwards
Normal : Jesse Ylonen, Ryan Poehling, Wade Allison - PP : Jesse Ylonen, Ryan Poehling - PK : Wade Allison
Extra Defensemen
Normal : Owen Power, Nate Schmidt, Tyson Barrie - PP : Owen Power - PK : Nate Schmidt, Tyson Barrie
Penalty Shots
Trevor Zegras, Kevin Hayes, Troy Terry, Mikhail Sergachev, Taylor Raddysh
Custom OT Lines Forwards
Jonathan Toews, Kevin Hayes, Troy Terry, Trevor Zegras, Taylor Raddysh, Ryan Poehling, Wade Allison, Danton Heinen, Tyson Foerster, Miles Wood
Custom OT Lines Defensemen
Mikhail Sergachev, Dougie Hamilton, Tyson Barrie, Ryan Suter, Owen Power

Scratches
Colin Blackwell (Healthy), Adin Hill (Right Ankle Injury)

% Time on Ice - LAS VEGAS LIZARD KINGS

Lines # - Real PCT - Wanted PCT - Time Play
Normal Forward
1 - 36% - 37% - 19:32
2 - 29% - 30% - 15:21
3 - 23% - 23% - 12:12
4 - 13% - 10% - 6:46
Normal Defense
1 - 34% - 40% - 18:06
2 - 35% - 35% - 18:57
3 - 31% - 25% - 16:48
4 - 0% - 0% - 0:00
PP Forward
1 - 50% - 65% - 1:42
2 - 50% - 35% - 1:40
PP Defense
1 - 50% - 55% - 1:42
2 - 50% - 45% - 1:40
PK Forward
1 - 98% - 55% - 2:43
2 - 2% - 45% - 0:04
PK Defense
1 - 94% - 60% - 2:37
2 - 6% - 40% - 0:10
PK3 Forward
1 - 0% - 55%
2 - 0% - 45%
PK3 Defense
1 - 0% - 55%
2 - 0% - 45%
44 Forward
1 - 0% - 55%
2 - 0% - 45%
44 Defense
1 - 0% - 55%
2 - 0% - 45%
Last Minute Offensive  - 0:00
Last Minute Defensive  - 0:00
Total
Forward - 60:00
Defense - 60:00

% Time on Ice - TEXAS TOROS

Lines # - Real PCT - Wanted PCT - Time Play
Normal Forward
1 - 32% - 36% - 17:28
2 - 28% - 31% - 14:54
3 - 25% - 23% - 13:33
4 - 15% - 10% - 7:56
Normal Defense
1 - 37% - 36% - 19:51
2 - 31% - 31% - 16:28
3 - 25% - 23% - 13:21
4 - 8% - 10% - 4:11
PP Forward
1 - 55% - 55% - 1:32
2 - 45% - 45% - 1:15
PP Defense
1 - 45% - 55% - 1:15
2 - 55% - 45% - 1:32
PK Forward
1 - 53% - 55% - 1:48
2 - 47% - 45% - 1:34
PK Defense
1 - 40% - 55% - 1:21
2 - 60% - 45% - 2:01
PK3 Forward
1 - 0% - 55%
2 - 0% - 45%
PK3 Defense
1 - 0% - 55%
2 - 0% - 45%
44 Forward
1 - 0% - 55%
2 - 0% - 45%
44 Defense
1 - 0% - 55%
2 - 0% - 45%
Last Minute Offensive  - 0:00
Last Minute Defensive  - 0:00
Total
Forward - 60:00
Defense - 60:00

Play-by-Play

1st period


0:01 of 1st period - Ryan Nugent-Hopkins wins face-off versus Trevor Zegras in neutral zone.
0:14 of 1st period - Shot by Joe Pavelski.
0:14 of 1st period - Shot Blocked by Mikhail Sergachev.
0:16 of 1st period - Shot by Joe Pavelski.
0:16 of 1st period - Shot Misses the Net.
0:31 of 1st period - Joe Pavelski is hit by Mikhail Sergachev and loses puck.
1:05 of 1st period - Shot by Brandon Hagel.
1:05 of 1st period - Stopped by Philipp Grubauer with a rebound.
1:07 of 1st period - Shot by Brandon Hagel.
1:07 of 1st period - Deflect By Evan Rodrigues.
1:07 of 1st period - Shot Misses the Net.
2:21 of 1st period - Jacob Bryson is hit by Wade Allison and loses puck.
2:28 of 1st period - Shot by Jonathan Toews.
2:28 of 1st period - Shot Misses the Net.
2:30 of 1st period - Shot by Yegor Chinakhov.
2:30 of 1st period - Stopped by Kaapo Kahkonen without a rebound.
2:31 of 1st period - Luke Glendening wins face-off versus Ryan Poehling in LAS VEGAS LIZARD KINGS zone.
2:50 of 1st period - Shot by Luke Glendening.
2:50 of 1st period - Stopped by Philipp Grubauer without a rebound.
2:51 of 1st period - Ryan Nugent-Hopkins wins face-off versus Trevor Zegras in TEXAS TOROS zone.
3:04 of 1st period - Shot by Ryan Nugent-Hopkins.
3:04 of 1st period - Stopped by Philipp Grubauer without a rebound.
3:05 of 1st period - Kevin Hayes wins face-off versus Jeff Carter in TEXAS TOROS zone.
3:05 of 1st period - Kevin Hayes is hit by Evan Rodrigues.
3:21 of 1st period - Shot by Brandon Hagel.
3:21 of 1st period - Shot Misses the Net.
3:23 of 1st period - Shot by Brayden McNabb.
3:23 of 1st period - Shot Misses the Net.
3:25 of 1st period - Shot by Brayden McNabb.
3:25 of 1st period - Shot Misses the Net.
3:27 of 1st period - Shot by Brandon Hagel.
3:27 of 1st period - Stopped by Philipp Grubauer with a rebound.
3:31 of 1st period - Shot by Brandon Hagel.
3:31 of 1st period - Shot Misses the Net.
3:33 of 1st period - Shot by Brayden McNabb.
3:33 of 1st period - Stopped by Philipp Grubauer without a rebound.
3:34 of 1st period - Jonathan Toews wins face-off versus Johnny Gaudreau in TEXAS TOROS zone.
3:51 of 1st period - Shot by Tyson Barrie.
3:51 of 1st period - Goal by Tyson Barrie - LAS VEGAS LIZARD KINGS : 0 - TEXAS TOROS : 1.
3:52 of 1st period - Luke Glendening wins face-off versus Trevor Zegras in neutral zone.
5:09 of 1st period - Icing by Dougie Hamilton.
5:10 of 1st period - Ty Dellandrea wins face-off versus Ryan Poehling in TEXAS TOROS zone.
5:10 of 1st period - Ty Dellandrea is hit by Dougie Hamilton.
5:15 of 1st period - Vladislav Namestnikov is hit by Dougie Hamilton and loses puck.
5:36 of 1st period - Shot by Jesse Ylonen.
5:36 of 1st period - Deflect By Tyson Foerster.
5:36 of 1st period - Stopped by Kaapo Kahkonen without a rebound.
5:37 of 1st period - Kevin Hayes wins face-off versus Jeff Carter in LAS VEGAS LIZARD KINGS zone.
5:46 of 1st period - Shot by Kevin Hayes.
5:46 of 1st period - Shot Blocked by Brandon Hagel.
5:51 of 1st period - Brandon Hagel is hit by Tyson Barrie.
6:07 of 1st period - Shot by Brandon Hagel.
6:07 of 1st period - Shot Blocked by Tyson Barrie.
6:09 of 1st period - Shot by John Marino.
6:09 of 1st period - Stopped by Philipp Grubauer with a rebound.
6:11 of 1st period - Shot by Brandon Hagel.
6:11 of 1st period - Stopped by Philipp Grubauer without a rebound.
6:12 of 1st period - Ryan Nugent-Hopkins wins face-off versus Jonathan Toews in TEXAS TOROS zone.
6:17 of 1st period - Shot by Ryan Nugent-Hopkins.
6:17 of 1st period - Stopped by Philipp Grubauer without a rebound.
6:18 of 1st period - Jonathan Toews wins face-off versus Ryan Nugent-Hopkins in TEXAS TOROS zone.
6:18 of 1st period - Jonathan Toews is hit by Joe Pavelski.
6:26 of 1st period - Shot by Dougie Hamilton.
6:26 of 1st period - Shot Misses the Net.
7:03 of 1st period - Dougie Hamilton is hit by Johnny Gaudreau and loses puck.
7:27 of 1st period - Minor Penalty to Ty Dellandrea for Boarding.
7:28 of 1st period - Evan Rodrigues wins face-off versus Trevor Zegras in LAS VEGAS LIZARD KINGS zone.
8:11 of 1st period - Shot by Trevor Zegras.
8:11 of 1st period - Stopped by Kaapo Kahkonen without a rebound.
8:12 of 1st period - Kevin Hayes wins face-off versus Joe Pavelski in LAS VEGAS LIZARD KINGS zone.
8:15 of 1st period - Shot by Dougie Hamilton.
8:15 of 1st period - Goal by Dougie Hamilton - LAS VEGAS LIZARD KINGS : 0 - TEXAS TOROS : 2.
8:16 of 1st period - Kevin Hayes wins face-off versus Ty Dellandrea in neutral zone.
8:19 of 1st period - Shot by Dougie Hamilton.
8:19 of 1st period - Shot Misses the Net.
8:43 of 1st period - Ty Dellandrea is hit by Dougie Hamilton and loses puck.
8:59 of 1st period - Vladislav Namestnikov is hit by Dougie Hamilton and loses puck.
9:39 of 1st period - Icing by Yegor Chinakhov.
9:40 of 1st period - Jonathan Toews wins face-off versus Ryan Nugent-Hopkins in TEXAS TOROS zone.
9:51 of 1st period - Wade Allison is hit by Joe Pavelski and loses puck.
10:37 of 1st period - Jordan Greenway is hit by Tyson Barrie and loses puck.
10:52 of 1st period - Shot by Troy Terry.
10:52 of 1st period - Stopped by Kaapo Kahkonen without a rebound.
10:53 of 1st period - Jeff Carter wins face-off versus Ryan Poehling in LAS VEGAS LIZARD KINGS zone.
11:02 of 1st period - Shot by Brandon Hagel.
11:02 of 1st period - Shot Misses the Net.
11:04 of 1st period - Shot by Jeff Carter.
11:04 of 1st period - Stopped by Philipp Grubauer with a rebound.
11:06 of 1st period - Shot by Brandon Hagel.
11:06 of 1st period - Shot Misses the Net.
11:09 of 1st period - Evan Rodrigues is hit by Dougie Hamilton and loses puck.
11:14 of 1st period - Shot by Brandon Hagel.
11:14 of 1st period - Stopped by Philipp Grubauer with a rebound.
11:16 of 1st period - Shot by Brandon Hagel.
11:16 of 1st period - Shot Blocked by Ryan Poehling.
11:52 of 1st period - Icing by Dmitry Kulikov.
11:53 of 1st period - Trevor Zegras wins face-off versus Ty Dellandrea in LAS VEGAS LIZARD KINGS zone.
12:18 of 1st period - Shot by Ty Dellandrea.
12:18 of 1st period - Shot Misses the Net.
12:20 of 1st period - Shot by Vladislav Namestnikov.
12:20 of 1st period - Deflect By Zemgus Girgensons.
12:20 of 1st period - Stopped by Philipp Grubauer with a rebound.
12:22 of 1st period - Shot by Dmitry Kulikov.
12:22 of 1st period - Stopped by Philipp Grubauer without a rebound.
12:23 of 1st period - Ryan Nugent-Hopkins wins face-off versus Kevin Hayes in TEXAS TOROS zone.
12:30 of 1st period - Shot by Johnny Gaudreau.
12:30 of 1st period - Goal by Johnny Gaudreau - LAS VEGAS LIZARD KINGS : 1 - TEXAS TOROS : 2.
12:31 of 1st period - Ryan Nugent-Hopkins wins face-off versus Kevin Hayes in neutral zone.
12:48 of 1st period - Off-side.
12:49 of 1st period - Trevor Zegras wins face-off versus Jeff Carter in neutral zone.
14:13 of 1st period - Shot by Johnny Gaudreau.
14:13 of 1st period - Stopped by Philipp Grubauer without a rebound.
14:14 of 1st period - Jonathan Toews wins face-off versus Ty Dellandrea in TEXAS TOROS zone.
15:28 of 1st period - Shot by Johnny Gaudreau.
15:28 of 1st period - Shot Misses the Net.
15:30 of 1st period - Shot by Ryan Nugent-Hopkins.
15:30 of 1st period - Shot Misses the Net.
15:32 of 1st period - Shot by Ryan Nugent-Hopkins.
15:32 of 1st period - Goal by Ryan Nugent-Hopkins - LAS VEGAS LIZARD KINGS : 2 - TEXAS TOROS : 2.
15:33 of 1st period - Trevor Zegras wins face-off versus Brandon Hagel in neutral zone.
15:41 of 1st period - Off-side.
15:42 of 1st period - Johnny Gaudreau wins face-off versus Kevin Hayes in neutral zone.
15:59 of 1st period - Shot by Kevin Hayes.
15:59 of 1st period - Stopped by Kaapo Kahkonen without a rebound.
16:00 of 1st period - Jeff Carter wins face-off versus Trevor Zegras in LAS VEGAS LIZARD KINGS zone.
16:02 of 1st period - Icing by Brandon Hagel.
16:03 of 1st period - Evan Rodrigues wins face-off versus Trevor Zegras in LAS VEGAS LIZARD KINGS zone.
16:28 of 1st period - Matt Roy is hit by Trevor Zegras and loses puck.
17:31 of 1st period - Shot by Joe Pavelski.
17:31 of 1st period - Stopped by Philipp Grubauer without a rebound.
17:32 of 1st period - Luke Glendening wins face-off versus Jonathan Toews in TEXAS TOROS zone.
17:33 of 1st period - Shot by Jordan Greenway.
17:33 of 1st period - Shot Blocked by Tyson Barrie.
17:35 of 1st period - Shot by Jordan Greenway.
17:35 of 1st period - Shot Misses the Net.
17:37 of 1st period - Shot by Victor Olofsson.
17:37 of 1st period - Stopped by Philipp Grubauer without a rebound.
17:38 of 1st period - Jonathan Toews wins face-off versus Luke Glendening in TEXAS TOROS zone.
17:56 of 1st period - Icing by Patrik Nemeth.
17:57 of 1st period - Luke Glendening wins face-off versus Trevor Zegras in LAS VEGAS LIZARD KINGS zone.
18:43 of 1st period - Icing by Dougie Hamilton.
18:44 of 1st period - Trevor Zegras wins face-off versus Ty Dellandrea in TEXAS TOROS zone.
18:44 of 1st period - Trevor Zegras is hit by Vladislav Namestnikov.
19:24 of 1st period - Icing by John Marino.
19:25 of 1st period - Ty Dellandrea wins face-off versus Kevin Hayes in LAS VEGAS LIZARD KINGS zone.
19:27 of 1st period - Icing by Vladislav Namestnikov.
19:28 of 1st period - Ty Dellandrea wins face-off versus Kevin Hayes in LAS VEGAS LIZARD KINGS zone.
Goals for this period are 2 for LAS VEGAS LIZARD KINGS vs 2 for TEXAS TOROS.
Shots for this period are 17 for LAS VEGAS LIZARD KINGS vs 7 for TEXAS TOROS.

2nd period


0:01 of 2nd period - Trevor Zegras wins face-off versus Ryan Nugent-Hopkins in neutral zone.
0:25 of 2nd period - Shot by Joe Pavelski.
0:25 of 2nd period - Stopped by Philipp Grubauer without a rebound.
0:26 of 2nd period - Kevin Hayes wins face-off versus Jeff Carter in TEXAS TOROS zone.
0:33 of 2nd period - Icing by John Marino.
0:34 of 2nd period - Jonathan Toews wins face-off versus Jeff Carter in LAS VEGAS LIZARD KINGS zone.
0:54 of 2nd period - Shot by Evan Rodrigues.
0:54 of 2nd period - Stopped by Philipp Grubauer without a rebound.
0:55 of 2nd period - Ryan Nugent-Hopkins wins face-off versus Kevin Hayes in TEXAS TOROS zone.
0:56 of 2nd period - Shot by Johnny Gaudreau.
0:56 of 2nd period - Stopped by Philipp Grubauer without a rebound.
0:57 of 2nd period - Ryan Nugent-Hopkins wins face-off versus Taylor Raddysh in TEXAS TOROS zone.
1:00 of 2nd period - Shot by Johnny Gaudreau.
1:00 of 2nd period - Shot Misses the Net.
1:02 of 2nd period - Shot by Brayden McNabb.
1:02 of 2nd period - Shot Blocked by Dougie Hamilton.
1:10 of 2nd period - Mikhail Sergachev is hit by Ryan Nugent-Hopkins and loses puck.
1:26 of 2nd period - Off-side.
1:27 of 2nd period - Jeff Carter wins face-off versus Trevor Zegras in neutral zone.
1:48 of 2nd period - Shot by Evan Rodrigues.
1:48 of 2nd period - Stopped by Philipp Grubauer without a rebound.
1:49 of 2nd period - Ryan Nugent-Hopkins wins face-off versus Jonathan Toews in TEXAS TOROS zone.
1:58 of 2nd period - Ryan Nugent-Hopkins is hit by Wade Allison.
2:06 of 2nd period - Shot by Ryan Nugent-Hopkins.
2:06 of 2nd period - Shot Hit the Post.
3:49 of 2nd period - Off-side.
3:50 of 2nd period - Ty Dellandrea wins face-off versus Ryan Poehling in neutral zone.
4:30 of 2nd period - Shot by Tyson Foerster.
4:30 of 2nd period - Shot Misses the Net.
4:41 of 2nd period - Vladislav Namestnikov is hit by Owen Power and loses puck.
5:07 of 2nd period - Shot by Johnny Gaudreau.
5:07 of 2nd period - Shot Misses the Net.
5:09 of 2nd period - Shot by John Marino.
5:09 of 2nd period - Goal by John Marino - LAS VEGAS LIZARD KINGS : 3 - TEXAS TOROS : 2.
5:10 of 2nd period - Yegor Chinakhov wins face-off versus Luke Glendening in neutral zone.
5:13 of 2nd period - Shot by Tyson Barrie.
5:13 of 2nd period - Stopped by Kaapo Kahkonen without a rebound.
5:14 of 2nd period - Jeff Carter wins face-off versus Trevor Zegras in LAS VEGAS LIZARD KINGS zone.
5:19 of 2nd period - Tyson Barrie is hit by Evan Rodrigues and loses puck.
5:55 of 2nd period - Shot by Trevor Zegras.
5:55 of 2nd period - Shot Misses the Net.
5:57 of 2nd period - Shot by Tyson Barrie.
5:57 of 2nd period - Shot Misses the Net.
6:30 of 2nd period - Off-side.
6:31 of 2nd period - Jonathan Toews wins face-off versus Ryan Nugent-Hopkins in neutral zone.
6:41 of 2nd period - Shot by Johnny Gaudreau.
6:41 of 2nd period - Shot Blocked by Wade Allison.
7:03 of 2nd period - Shot by Johnny Gaudreau.
7:03 of 2nd period - Shot Misses the Net.
7:05 of 2nd period - Shot by John Marino.
7:05 of 2nd period - Stopped by Philipp Grubauer without a rebound.
7:06 of 2nd period - Kevin Hayes wins face-off versus Luke Glendening in TEXAS TOROS zone.
7:13 of 2nd period - Shot by Jordan Greenway.
7:13 of 2nd period - Stopped by Philipp Grubauer without a rebound.
7:14 of 2nd period - Trevor Zegras wins face-off versus Ty Dellandrea in TEXAS TOROS zone.
7:39 of 2nd period - Shot by Troy Terry.
7:39 of 2nd period - Stopped by Kaapo Kahkonen without a rebound.
7:40 of 2nd period - Johnny Gaudreau wins face-off versus Kevin Hayes in LAS VEGAS LIZARD KINGS zone.
8:20 of 2nd period - Shot by Taylor Raddysh.
8:20 of 2nd period - Shot Misses the Net.
8:56 of 2nd period - Shot by Wade Allison.
8:56 of 2nd period - Stopped by Kaapo Kahkonen without a rebound.
8:57 of 2nd period - Luke Glendening wins face-off versus Trevor Zegras in LAS VEGAS LIZARD KINGS zone.
9:14 of 2nd period - Shot by Victor Olofsson.
9:14 of 2nd period - Shot Misses the Net.
9:19 of 2nd period - Icing by Troy Terry.
9:20 of 2nd period - Jeff Carter wins face-off versus Trevor Zegras in TEXAS TOROS zone.
9:21 of 2nd period - Shot by Brandon Hagel.
9:21 of 2nd period - Stopped by Philipp Grubauer without a rebound.
9:22 of 2nd period - Jonathan Toews wins face-off versus Jeff Carter in TEXAS TOROS zone.
9:33 of 2nd period - Shot by Jonathan Toews.
9:33 of 2nd period - Shot Misses the Net.
9:41 of 2nd period - Shot by Jonathan Toews.
9:41 of 2nd period - Stopped by Kaapo Kahkonen with a rebound.
9:43 of 2nd period - Shot by Wade Allison.
9:43 of 2nd period - Shot Misses the Net.
9:59 of 2nd period - Shot by Jonathan Toews.
9:59 of 2nd period - Shot Misses the Net.
10:01 of 2nd period - Shot by Mikhail Sergachev.
10:01 of 2nd period - Shot Misses the Net.
10:03 of 2nd period - Shot by Wade Allison.
10:03 of 2nd period - Stopped by Kaapo Kahkonen without a rebound.
10:04 of 2nd period - Ty Dellandrea wins face-off versus Danton Heinen in LAS VEGAS LIZARD KINGS zone.
10:19 of 2nd period - Owen Power is hit by Vladislav Namestnikov and loses puck.
10:27 of 2nd period - Minor Penalty to Ryan Suter for Hooking.
10:28 of 2nd period - Jonathan Toews wins face-off versus Ryan Nugent-Hopkins in TEXAS TOROS zone.
10:57 of 2nd period - Shot by Joe Pavelski.
10:57 of 2nd period - Shot Misses the Net.
11:03 of 2nd period - Shot by Johnny Gaudreau.
11:03 of 2nd period - Stopped by Philipp Grubauer without a rebound.
11:04 of 2nd period - Jeff Carter wins face-off versus Ryan Poehling in TEXAS TOROS zone.
11:15 of 2nd period - Shot by Dougie Hamilton.
11:15 of 2nd period - Stopped by Kaapo Kahkonen without a rebound.
11:16 of 2nd period - Jonathan Toews wins face-off versus Jeff Carter in LAS VEGAS LIZARD KINGS zone.
11:17 of 2nd period - Shot by Dougie Hamilton.
11:17 of 2nd period - Shot Misses the Net.
11:46 of 2nd period - Shot by Victor Olofsson.
11:46 of 2nd period - Shot Blocked by Owen Power.
11:48 of 2nd period - Shot by Dmitry Kulikov.
11:48 of 2nd period - Shot Misses the Net.
11:50 of 2nd period - Shot by Brandon Hagel.
11:50 of 2nd period - Goal by Brandon Hagel - LAS VEGAS LIZARD KINGS : 4 - TEXAS TOROS : 2.
11:51 of 2nd period - Ryan Nugent-Hopkins wins face-off versus Trevor Zegras in neutral zone.
12:27 of 2nd period - Jacob Bryson is hit by Danton Heinen and loses puck.
13:53 of 2nd period - Shot by Wade Allison.
13:53 of 2nd period - Stopped by Kaapo Kahkonen without a rebound.
13:54 of 2nd period - Ryan Poehling wins face-off versus Jeff Carter in LAS VEGAS LIZARD KINGS zone.
15:18 of 2nd period - Trevor Zegras is hit by Patrik Nemeth.
15:24 of 2nd period - Shot by Trevor Zegras.
15:24 of 2nd period - Shot Misses the Net.
15:26 of 2nd period - Shot by Trevor Zegras.
15:26 of 2nd period - Shot Blocked by Jacob Bryson.
15:28 of 2nd period - Shot by Tyson Barrie.
15:28 of 2nd period - Shot Blocked by Jacob Bryson.
15:46 of 2nd period - Shot by Trevor Zegras.
15:46 of 2nd period - Shot Misses the Net.
17:05 of 2nd period - Shot by Brandon Hagel.
17:05 of 2nd period - Shot Misses the Net.
17:13 of 2nd period - Shot by Brandon Hagel.
17:13 of 2nd period - Shot Misses the Net.
17:50 of 2nd period - Icing by Dmitry Kulikov.
17:51 of 2nd period - Jeff Carter wins face-off versus Ryan Poehling in LAS VEGAS LIZARD KINGS zone.
17:51 of 2nd period - Jeff Carter is hit by Tyson Foerster.
17:52 of 2nd period - Minor Penalty to Ryan Poehling for Hooking.
17:53 of 2nd period - Jonathan Toews wins face-off versus Ryan Nugent-Hopkins in TEXAS TOROS zone.
18:10 of 2nd period - Shot by Ryan Nugent-Hopkins.
18:10 of 2nd period - Shot Misses the Net.
18:20 of 2nd period - Shot by Joe Pavelski.
18:20 of 2nd period - Stopped by Philipp Grubauer without a rebound.
18:21 of 2nd period - Kevin Hayes wins face-off versus Jeff Carter in TEXAS TOROS zone.
Goals for this period are 2 for LAS VEGAS LIZARD KINGS vs 0 for TEXAS TOROS.
Shots for this period are 11 for LAS VEGAS LIZARD KINGS vs 7 for TEXAS TOROS.

3rd period


0:01 of 3rd period - Ryan Nugent-Hopkins wins face-off versus Trevor Zegras in neutral zone.
0:09 of 3rd period - Minor Penalty to Ryan Nugent-Hopkins for Holding.
0:10 of 3rd period - Ty Dellandrea wins face-off versus Kevin Hayes in LAS VEGAS LIZARD KINGS zone.
0:37 of 3rd period - Shot by Dougie Hamilton.
0:37 of 3rd period - Shot Misses the Net.
0:45 of 3rd period - Shot by Mikhail Sergachev.
0:45 of 3rd period - Shot Misses the Net.
1:16 of 3rd period - Trevor Zegras is hit by John Marino and loses puck.
2:01 of 3rd period - Shot by Mikhail Sergachev.
2:01 of 3rd period - Stopped by Kaapo Kahkonen with a rebound.
2:03 of 3rd period - Shot by Dougie Hamilton.
2:03 of 3rd period - Shot Blocked by John Marino.
2:51 of 3rd period - Shot by Joe Pavelski.
2:51 of 3rd period - Shot Misses the Net.
3:44 of 3rd period - Shot by Victor Olofsson.
3:44 of 3rd period - Stopped by Philipp Grubauer without a rebound.
3:45 of 3rd period - Trevor Zegras wins face-off versus Jeff Carter in TEXAS TOROS zone.
3:45 of 3rd period - Mikhail Sergachev is hit by Evan Rodrigues and loses puck.
5:17 of 3rd period - Off-side.
5:18 of 3rd period - Luke Glendening wins face-off versus Jonathan Toews in neutral zone.
6:00 of 3rd period - Shot by Wade Allison.
6:00 of 3rd period - Shot Misses the Net.
6:17 of 3rd period - Shot by Kevin Hayes.
6:17 of 3rd period - Stopped by Kaapo Kahkonen without a rebound.
6:18 of 3rd period - Ryan Nugent-Hopkins wins face-off versus Jesse Ylonen in LAS VEGAS LIZARD KINGS zone.
6:24 of 3rd period - Ryan Nugent-Hopkins is hit by Mikhail Sergachev and loses puck.
7:24 of 3rd period - Icing by Dougie Hamilton.
7:25 of 3rd period - Jeff Carter wins face-off versus Ryan Poehling in TEXAS TOROS zone.
8:23 of 3rd period - Icing by Patrik Nemeth.
8:24 of 3rd period - Ty Dellandrea wins face-off versus Trevor Zegras in LAS VEGAS LIZARD KINGS zone.
8:37 of 3rd period - Shot by Troy Terry.
8:37 of 3rd period - Shot Blocked by Jacob Bryson.
8:44 of 3rd period - Icing by Patrik Nemeth.
8:45 of 3rd period - Jonathan Toews wins face-off versus Ty Dellandrea in LAS VEGAS LIZARD KINGS zone.
9:11 of 3rd period - Jonathan Toews is hit by Brayden McNabb and loses puck.
9:38 of 3rd period - Shot by Johnny Gaudreau.
9:38 of 3rd period - Stopped by Philipp Grubauer without a rebound.
9:39 of 3rd period - Trevor Zegras wins face-off versus Jeff Carter in TEXAS TOROS zone.
9:59 of 3rd period - Shot by Mikhail Sergachev.
9:59 of 3rd period - Shot Misses the Net.
10:05 of 3rd period - Brandon Hagel is hit by Danton Heinen and loses puck.
10:53 of 3rd period - Ty Dellandrea is hit by Dougie Hamilton and loses puck.
11:19 of 3rd period - Johnny Gaudreau is hit by Mikhail Sergachev and loses puck.
11:45 of 3rd period - Joe Pavelski is hit by Ryan Suter.
11:53 of 3rd period - Shot by Joe Pavelski.
11:53 of 3rd period - Stopped by Philipp Grubauer without a rebound.
11:54 of 3rd period - Jonathan Toews wins face-off versus Luke Glendening in TEXAS TOROS zone.
12:28 of 3rd period - Shot by Wade Allison.
12:28 of 3rd period - Stopped by Kaapo Kahkonen without a rebound.
12:29 of 3rd period - Jeff Carter wins face-off versus Kevin Hayes in LAS VEGAS LIZARD KINGS zone.
12:36 of 3rd period - Shot by Evan Rodrigues.
12:36 of 3rd period - Stopped by Philipp Grubauer without a rebound.
12:37 of 3rd period - Kevin Hayes wins face-off versus Ryan Nugent-Hopkins in TEXAS TOROS zone.
12:56 of 3rd period - Shot by Taylor Raddysh.
12:56 of 3rd period - Shot Misses the Net.
13:57 of 3rd period - Shot by Tyson Barrie.
13:57 of 3rd period - Stopped by Kaapo Kahkonen without a rebound.
13:58 of 3rd period - Ryan Poehling wins face-off versus Ty Dellandrea in LAS VEGAS LIZARD KINGS zone.
14:26 of 3rd period - Off-side.
14:27 of 3rd period - Jonathan Toews wins face-off versus Jeff Carter in neutral zone.
14:27 of 3rd period - Jonathan Toews is hit by Evan Rodrigues.
14:47 of 3rd period - Shot by Wade Allison.
14:47 of 3rd period - Shot Blocked by Jeff Carter.
14:50 of 3rd period - Icing by Dmitry Kulikov.
14:51 of 3rd period - Trevor Zegras wins face-off versus Jeff Carter in LAS VEGAS LIZARD KINGS zone.
15:00 of 3rd period - Shot by Troy Terry.
15:00 of 3rd period - Stopped by Kaapo Kahkonen with a rebound.
16:01 of 3rd period - Shot by Ryan Nugent-Hopkins.
16:01 of 3rd period - Shot Misses the Net.
16:09 of 3rd period - Shot by Johnny Gaudreau.
16:09 of 3rd period - Goal by Johnny Gaudreau - LAS VEGAS LIZARD KINGS : 5 - TEXAS TOROS : 2.
16:10 of 3rd period - Jonathan Toews wins face-off versus Ty Dellandrea in neutral zone.
16:21 of 3rd period - Shot by Zemgus Girgensons.
16:21 of 3rd period - Shot Misses the Net.
16:23 of 3rd period - Shot by Vladislav Namestnikov.
16:23 of 3rd period - Shot Misses the Net.
16:35 of 3rd period - Shot by Vladislav Namestnikov.
16:35 of 3rd period - Deflect By Zemgus Girgensons.
16:35 of 3rd period - Shot Blocked by Tyson Barrie.
16:43 of 3rd period - Shot by Zemgus Girgensons.
16:43 of 3rd period - Shot Misses the Net.
16:45 of 3rd period - Shot by Zemgus Girgensons.
16:45 of 3rd period - Shot Misses the Net.
16:47 of 3rd period - Shot by Vladislav Namestnikov.
16:47 of 3rd period - Shot Blocked by Nate Schmidt.
17:02 of 3rd period - Shot by Victor Olofsson.
17:02 of 3rd period - Shot Misses the Net.
17:38 of 3rd period - Shot by Kevin Hayes.
17:38 of 3rd period - Stopped by Kaapo Kahkonen with a rebound.
17:40 of 3rd period - Shot by Taylor Raddysh.
17:40 of 3rd period - Shot Blocked by Dmitry Kulikov.
18:28 of 3rd period - Joe Pavelski is hit by Ryan Poehling and loses puck.
18:34 of 3rd period - Off-side.
18:35 of 3rd period - Trevor Zegras wins face-off versus Jeff Carter in neutral zone.
18:48 of 3rd period - Shot by Brandon Hagel.
18:48 of 3rd period - Stopped by Philipp Grubauer without a rebound.
18:49 of 3rd period - Ty Dellandrea wins face-off versus Jonathan Toews in TEXAS TOROS zone.
19:02 of 3rd period - Shot by Jonathan Toews.
19:02 of 3rd period - Deflect By Wade Allison.
19:02 of 3rd period - Shot Blocked by Zemgus Girgensons.
19:04 of 3rd period - Shot by Wade Allison.
19:04 of 3rd period - Stopped by Kaapo Kahkonen without a rebound.
19:05 of 3rd period - Jeff Carter wins face-off versus Trevor Zegras in LAS VEGAS LIZARD KINGS zone.
19:16 of 3rd period - Shot by Brandon Hagel.
19:16 of 3rd period - Shot Misses the Net.
19:24 of 3rd period - Shot by Brandon Hagel.
19:24 of 3rd period - Deflect By Jeff Carter.
19:24 of 3rd period - Shot Blocked by Owen Power.
19:34 of 3rd period - Shot by Trevor Zegras.
19:34 of 3rd period - Stopped by Kaapo Kahkonen without a rebound.
19:35 of 3rd period - Kevin Hayes wins face-off versus Joe Pavelski in LAS VEGAS LIZARD KINGS zone.
Goals for this period are 1 for LAS VEGAS LIZARD KINGS vs 0 for TEXAS TOROS.
Shots for this period are 6 for LAS VEGAS LIZARD KINGS vs 8 for TEXAS TOROS.


BLAKE
WHEELER
STEVEN
STAMKOS
DREW
DOUGHTY

EAST COAST

HOCKEY LEAGUE

  • 63.RHI2PIT5
  • 64.WOR4ATL3
  • 65.QUECHW
  • 66.CHATRV